 Dungeon Crawl Stone Soup version 0.31-a0-819-gf6de2f5ab6 (webtiles) character file.

Game seed: 1047535470590005653

337328 Joey1 the Slayer (level 21, -1/333 HPs)
             Began as a Minotaur Berserker on Sept 24, 2023.
             Was the Champion of Trog.
             Slain by an ettin
             ... wielding a +0 dire flail
              (3 damage)
             ... on level 5 of the Vaults.
             The game lasted 02:06:23 (43417 turns).

Joey1 the Slayer (Minotaur Berserker)              Turns: 43417, Time: 02:06:24

Health: -1/333     AC: 34    Str: 38    XL:     21   Next: 0%
Magic:  20/20      EV:  5    Int:  6    God:    Trog [******]
Gold:   3839       SH: 36    Dex:  9    Spells: 20/20 levels left

rFire   + . .        w - +9 broad axe (heavy)
rCold   . . .        L - +8 tower shield
rNeg    + . .        o - +3 crystal plate armour of Disaster {rElec}
rPois   .            K - +2 hat
rElec   +            H - +1 cloak {Stlth+}
rCorr   .            u - +2 pair of gloves
SInv    .            O - +0 pair of boots
Will    ++++.        X - amulet of reflection Stlth
                     m - ring "Reilypar" {rC+ Will+ Str+2}
HPRegen 1.75/turn    D - ring of the Solstice {Fire rN+ Str+4}
MPRegen 0.17/turn

%: reflection
@: berserking, strong-willed, regenerating, hasted, constricted, very quick
A: horns 2, retaliatory headbutt
}: 2/15 runes: decaying, serpentine
a: Renounce Religion, Berserk, Trog's Hand, Brothers in Arms


You were on level 5 of the Vaults.
You worshipped Trog.
Trog was exalted by your worship.
You visited 7 branches of the dungeon, and saw 36 of its levels.
You also visited: Gauntlet and Ice Cave.

You collected 4746 gold pieces.
You spent 907 gold pieces at shops.

Inventory:

Hand Weapons
 d - the +7 morningstar of Vyth {freeze, Str+5}
   (You found it on level 15 of the Dungeon)

   Str+5:     It affects your strength (+5).
 w - a +9 heavy broad axe (weapon)
 Y - the +7 lajatang of Order {silver, rMut}
   (You found it on level 5 of the Lair of Beasts)

   rMut:      It protects you from mutation.
Missiles
 b - 8 javelins
 r - 2 throwing nets
Armour
 o - the +3 crystal plate armour of Disaster (worn) {rElec}
   (You took it off a minotaur in a Gauntlet)

   rElec:     It insulates you from electricity.
 u - a +2 pair of gloves (worn)
 H - a +1 cloak of stealth (worn)
 K - a +2 hat (worn)
 L - a +8 tower shield (worn)
 O - a +0 pair of boots (worn)
Jewellery
 i - a ring of willpower
 k - a ring of poison resistance
 m - the ring "Reilypar" (left hand) {rC+ Will+ Str+2}
   (You found it in an ice cave)

   [ring of willpower]

   Str+2:     It affects your strength (+2).
   rC+:       It protects you from cold.
   Will+:     It increases your willpower.
 p - the ring "Pelus" {rN+ rCorr Int-2 Dex+2 SInv}
   (You found it on level 2 of the Snake Pit)

   [ring of see invisible]

   Int-2:     It affects your intelligence (-2).
   Dex+2:     It affects your dexterity (+2).
   rN+:       It protects you from negative energy.
   SInv:      It lets you see invisible.
   rCorr:     It protects you from acid and corrosion.
 B - a ring of resist corrosion
 D - the ring of the Solstice (right hand) {Fire rN+ Str+4}
   (You found it on level 6 of the Dungeon)

   [ring of fire]

   Fire:      It enhances your fire magic.
   Str+4:     It affects your strength (+4).
   rF+:       It protects you from fire.
   rC-:       It makes you vulnerable to cold.
   rN+:       It protects you from negative energy.
 F - a ring of see invisible
 N - a ring of protection from cold
 Q - a ring of protection from fire
 W - a +4 ring of protection
 X - an amulet of reflection (around neck)
Wands
 v - a wand of iceblast (24)
 x - a wand of polymorph (9)
 G - a wand of paralysis (14)
 J - a wand of digging (6)
Scrolls
 f - 7 scrolls of fear
 l - a scroll of blinking
 t - a scroll of butterflies
 y - 13 scrolls of teleportation
 z - 6 scrolls of poison
 E - 4 scrolls of fog
 R - 2 scrolls of silence
 S - 6 scrolls of vulnerability
 U - 3 scrolls of revelation
Potions
 a - a potion of resistance
 c - 4 potions of might
 e - 3 potions of haste
 g - 16 potions of curing
 h - a potion of heal wounds
 j - 5 potions of cancellation
 n - 9 potions of mutation
 q - 7 potions of enlightenment
 s - 4 potions of invisibility
 A - 2 potions of attraction
 C - 2 potions of berserk rage
 P - 5 potions of lignification
 T - 6 potions of ambrosia
Miscellaneous
 I - a phial of floods (inert)
 M - a lightning rod (4/4)
 V - a tin of tremorstones (2/2)
 Z - a phantom mirror


   Skills:
 + Level 26.4 Fighting
 - Level 19.9(20.0) Axes
 - Level 1.6(13.2) Maces & Flails
 - Level 12.0 Armour
 - Level 5.0 Dodging
 - Level 10.7 Stealth
 - Level 26.0 Shields
 - Level 8.0 Evocations


You had 20 spell levels left.
You didn't know any spells.
Your spell library was empty.

Dungeon Overview and Level Annotations

Branches:
Dungeon (15/15)            Temple (1/1) D:7            Lair (5/5) D:8
  Swamp (4/4) Lair:2        Snake (4/4) Lair:2        Slime (0/5) Lair:5
    Orc (2/2) D:10            Elf (0/3) Orc:2        Vaults (4/5) D:14
  Crypt (0/3) Vaults:2      IceCv (visited)         Gauntlet (visited)
 Depths: D:15

Altars:
Ashenzari
Cheibriados
Dithmenos
Elyvilon
Fedhas
Gozag
Hepliaklqana
Kikubaaqudgha
Makhleb
Nemelex Xobeh
Okawaru
Qazlal
Ru
Sif Muna
Trog
Uskayaw
Vehumet
Wu Jian
Xom
Yredelemnul
Zin
The Shining One
Jiyva

Shops:
D:10 !   Orc:2 **=[   Vaults:1 [

Portals:
Pandemonium: Orc:2


Innate Abilities, Weirdness & Mutations

You have a pair of horns on your head.
You reflexively headbutt those who attack you in melee.


Message History

Here: a vault warden, wielding a +0 arbalest and wearing a +0 plate armour The floor.
A red film seems to cover your vision as you go berserk!
You feel yourself moving faster!
You feel mighty!
The vault guard hits you with a +0 broad axe!
* * * LOW HITPOINT WARNING * * *
You block the orc knight's attack. You block the tengu reaver's attack.
The tengu reaver pecks you but does no damage.
The tengu reaver claws you but does no damage.
The ettin hits you with a +0 dire flail!!
* * * LOW HITPOINT WARNING * * *
You block the ettin's attack.
The tentacled monstrosity completely misses you.
You furiously retaliate!
You headbutt the tentacled monstrosity!!
The tentacled monstrosity tentacle-slaps you but does no damage.
You block the tentacled monstrosity's attack.
The tentacled monstrosity constricts you.
You hear a shout!
The vault guard blocks your attack.
The vault guard is moderately wounded.
You open the tengu reaver like a pillowcase!!!
You slice the orc knight!! You barely miss the tengu reaver.
You slash the tentacled monstrosity! You slash the ettin!
You hear a horrible gurgling sound!
You block the tengu reaver's attack.
The tengu reaver pecks you but does no damage.
You block the tengu reaver's attack.
The tengu reaver hits you with a +0 great sword!
* * * LOW HITPOINT WARNING * * *
You block the tengu reaver's attack. x2
The orc knight hits you but does no damage.
The vault guard hits you but does no damage.
The tentacled monstrosity tentacle-slaps you but does no damage.
You block the tentacled monstrosity's attack.
The tentacled monstrosity tentacle-slaps you but does no damage.
The tentacled monstrosity constricts you.
You block the ettin's attack.
The ettin hits you with a +0 dire flail.
You die...

#..........................
#..........................
#..........................
#...o######################
#....p..... ..... ...
#..#.##§... ...##. ##.
#..#....p§##p..... ...
#..#..##§XpQc...## ##..
#..#....oC@o##.... C#.
#..#....##§Q§....# #
#..###...§§§§.##cC
#..#.......##.....
#..#....##.. ..### #..#.##.
... ## #..# . ..## #..# [
### #..#!.


You could see a tentacled monstrosity, a vault warden, 2 tengu reavers, 2 vault
guards, an orc knight, an ettin, a yaktaur and an orc warrior.

Vanquished Creatures
  A golden dragon (IceCv)
  The ghost of Fotooss the Impregnable, an adept MiDe of Makhleb (Vaults:3)
  Jorgrun (D:13)
  The ghost of Uryrphacuxt the Warrior, an adept MiBe of Trog (Swamp:3)
  2 titans
  Mlioglotl (Swamp:3)
  The ghost of Oxzixom the Wrestler, an adept TrBe of Trog (Swamp:1)
  A quicksilver dragon (Vaults:5)
  A sphinx (Vaults:5)
  Frances (Swamp:1)
  Gastronok (Lair:1)
  2 thorn hunters (Swamp:4)
  A tengu reaver (Vaults:5)
  Donald (Vaults:4)
  A nagaraja (Snake:4)
  A fire giant (Vaults:5)
  Louise (Swamp:1)
  9 vault wardens
  A frost giant (Vaults:1)
  2 formless jellyfish
  17 ironbound preservers
  A war gargoyle (Vaults:1)
  2 orc warlords (Vaults:3)
  9 ironbound thunderhulks
  19 dire elephants
  3 eleionomae
  Azrael (Orc:2)
  5 bunyips
  A minotaur (Gauntlet)
  2 eidola (Vaults:4)
  A deep elf death mage (Vaults:2)
  5 great orbs of eyes
  7 yaktaur captains
  3 entropy weavers
  2 ettins
  A shambling mangrove (Swamp:3)
  4 spectral fenstrider witches
  25 vault guards
  An ogre mage (Vaults:4)
  3 demonspawn (Orc:2)
  10 hydras
  10 alligators
  15 anacondas
  A catoblepas (Lair:2)
  9 ironbound frosthearts
  3 salamander tyrants
  2 ghost crabs
  4 ice dragons (IceCv)
  Erica (D:10)
  16 death yaks
  3 boulder beetles
  5 two-headed ogres
  9 centaur warriors
  2 tengu warriors
  16 naga warriors
  6 orc high priests (Orc:2)
  Urug (Lair:4)
  17 naga sharpshooters
  Sonja (Orc:2)
  A dancing weapon (Vaults:3)
  8 shock serpents
  Nergalle (D:10)
  3 spriggans
  2 hell knights (Vaults:5)
  2 skysharks
  7 salamander mystics
  4 goliath frogs
  15 swamp dragons
  3 spriggan druids
  11 ironbound convokers
  A deep elf archer (D:14)
  A skeletal warrior (D:14)
  5 naga ritualists
  34 deep trolls
  8 wizards
  13 bog bodies
  An orange crystal statue (IceCv)
  3 phantasmal warriors
  21 lindwurms
  11 orc knights
  6 orc sorcerers (Orc:2)
  2 deep elf pyromancers
  2 wolf spiders (Lair:5)
  A shining eye (shapeshifter) (Vaults:5)
  3 cyclopes
  25 ugly things
  2 deep elf zephyrmancers (D:14)
  4 manticores
  4 will-o-the-wisps
  12 mana vipers
  A moth of wrath (shapeshifter) (Vaults:5)
  An elephant (shapeshifter) (Vaults:5)
  21 salamanders
  2 spectral spriggans (Swamp:1)
  A manticore (shapeshifter) (Vaults:1)
  A rust devil (Gauntlet)
  7 naga magi
  Joseph (D:10)
  A smoke demon (Orc:2)
  50 black mambas
  22 vault sentinels
  5 elephants
  17 cane toads
  4 centaur skeletons (D:14)
  An eye of devastation (shapeshifter) (Vaults:5)
  9 guardian serpents
  An orange demon (Orc:2)
  Maggie (D:10)
  A torpor snail (Lair:5)
  5 storm dragon simulacra (IceCv)
  2 unseen horrors (D:12)
  19 yaktaurs
  An efreet (D:15)
  A kobold demonologist (D:12)
  3 rime drakes
  A bunyip simulacrum (Swamp:3)
  A tengu conjurer (D:13)
  15 komodo dragons
  7 golden dragon simulacra (IceCv)
  A queen bee (shapeshifter) (D:13)
  A hellwing (Orc:2)
  3 meliai (D:14)
  11 polar bears
  7 trolls
  8 hornets
  10 tyrant leeches
  9 dream sheep
  A tarantella (Vaults:4)
  15 blink frogs
  4 raiju (Lair:5)
  A centaur simulacrum (D:14)
  11 flying skulls (Gauntlet)
  23 slime creatures
  2 vampires
  A wraith (D:13)
  13 wyverns
  A wyvern (shapeshifter) (Vaults:1)
  67 yaks
  Eustachio (D:6)
  3 ynoxinuls
  6 basilisks
  3 fire elementals (Orc:2)
  4 steam dragons
  14 vampire mosquitoes
  3 redbacks
  2 acid dragons (D:11)
  27 nagas
  7 wargs
  12 swamp worms
  14 water moccasins
  2 death drake simulacra
  14 hell hounds
  A hydra simulacrum (Swamp:3)
  7 swamp drakes
  A floating eye (Gauntlet)
  5 ice dragon simulacra (IceCv)
  27 orc warriors
  3 spriggan simulacra (Swamp:1)
  13 black bears
  30 wolves
  8 ogres
  11 centaurs
  4 kobold brigands
  9 bullfrogs
  A gnoll sergeant (D:12)
  2 scorpions
  9 wights
  3 lindwurm simulacra (IceCv)
  6 howler monkeys
  4 electric eels
  7 jellies
  A gnoll bouda (D:10)
  2 hounds
  23 orc priests
  A sleepcap (D:6)
  Crazy Yiuf (D:6)
  2 iron imps (Gauntlet)
  4 iguanas
  10 orc wizards
  12 gnolls
  11 adders
  A shadow imp (D:6)
  2 white imps
  An ufetubus (D:5)
  4 worms (D:2)
  4 dart slugs
  60 orcs
  3 ball pythons
  9 bats
  9 endoplasms
  2 giant cockroaches
  8 goblins
  7 hobgoblins
  3 quokkas
  4 frilled lizards
  9 kobolds
  7 rats
1344 creatures vanquished.

Vanquished Creatures (collateral kills)
  the Lernaean hydra (Swamp:4)
  Rupert (Orc:2)
  An ice dragon (IceCv)
  A hydra (Swamp:4)
  A naga warrior (Snake:3)
  A deep troll (Vaults:2)
  A naga ritualist (Snake:3)
  A storm dragon simulacrum (IceCv)
  A black mamba (Snake:3)
  A slime creature (Vaults:2)
  3 nagas (Snake:3)
  4 orc warriors (Orc:2)
  An orc priest (Orc:2)
  5 orc wizards (Orc:2)
  3 orcs (Orc:2)
26 creatures vanquished.

Vanquished Creatures (others)
  An ogre mage (D:14)
  A goliath frog (Swamp:1)
  A spriggan druid (Swamp:2)
  A bog body (Swamp:3)
  A deep elf pyromancer (D:14)
  Maurice (D:10)
  4 bloated husks
  A spriggan (Swamp:2)
  A spriggan simulacrum (Swamp:3)
  A vampire mosquito (Swamp:3)
  A naga (Snake:4)
  A swamp drake (Swamp:4)
  An orc wizard (D:6)
  An orc (Vaults:5)
  20 foxfires
37 creatures vanquished.

Grand Total: 1407 creatures vanquished

Notes
Turn   | Place    | Note
-------+----------+-------------------------------------------
     0 | D:1      | Joey1 the Minotaur Berserker began the quest for the Orb.
     0 | D:1      | Reached XP level 1. HP: 19/19 MP: 0/0
   178 | D:1      | Reached XP level 2. HP: 27/27 MP: 1/1
   555 | D:1      | Reached XP level 3. HP: 18/33 MP: 2/2
   632 | D:1      | Reached ** piety under Trog
   931 | D:2      | Found a faded altar of an unknown god.
  1127 | D:2      | Reached XP level 4. HP: 28/41 MP: 3/3
  1885 | D:3      | Found an ornate altar of the Wu Jian Council.
  1899 | D:3      | Reached *** piety under Trog
  1957 | D:3      | Found a hazy altar of Hepliaklqana.
  2156 | D:3      | Reached skill level 5 in Axes
  2158 | D:3      | Reached XP level 5. HP: 29/47 MP: 4/4
  2309 | D:3      | Found a radiant altar of Vehumet.
  2353 | D:3      | Found a blossoming altar of Fedhas.
  2569 | D:4      | Reached skill level 5 in Fighting
  2682 | D:4      | Found an ancient bone altar of Kikubaaqudgha.
  3160 | D:5      | Entered Level 5 of the Dungeon
  3359 | D:5      | Noticed a black bear
  3367 | D:5      | Reached XP level 6. HP: 56/56 MP: 5/5
  3619 | D:5      | Reached skill level 5 in Dodging
  3619 | D:5      | Reached XP level 7. HP: 55/61 MP: 6/6
  3656 | D:6      | Noticed Eustachio
  3706 | D:6      | Killed Eustachio
  3818 | D:6      | Noticed a steam dragon
  3833 | D:6      | Killed a steam dragon
  3833 | D:6      | Reached **** piety under Trog
  3834 | D:6      | Reached XP level 8. HP: 49/68 MP: 7/7
  3924 | D:6      | Reached skill level 10 in Axes
  4036 | D:6      | Identified the ring of the Solstice {Fire rN+ Str+4}
  4460 | D:6      | Found a runed translucent door.
  4461 | D:6      | Noticed Crazy Yiuf
  4769 | D:7      | Found a transporter.
  4770 | D:7      | Found a transporter.
  4988 | D:7      | Found a staircase to the Ecumenical Temple.
  5583 | Temple   | Entered the Ecumenical Temple
  5749 | D:8      | Found a staircase to the Lair.
  5749 | D:8      | Noticed an elephant
  5795 | D:7      | Reached XP level 9. HP: 34/74 MP: 8/8
  6434 | D:8      | You fall into a shaft and drop 2 floors!
  6434 | D:10     | Entered Level 10 of the Dungeon
  6471 | D:9      | Found a glowing golden altar of the Shining One.
  6496 | D:9      | Reached skill level 15 in Axes
  6602 | D:9      | Reached XP level 10. HP: 76/81 MP: 9/9
  6685 | D:9      | Paralysed by a hornet for 1 turns
  6871 | D:8      | Killed an elephant
  7098 | D:6      | Killed Crazy Yiuf
  7413 | Lair:1   | Entered Level 1 of the Lair of Beasts
  7414 | Lair:1   | Noticed a cane toad
  7431 | D:8      | Killed a cane toad
  7705 | Lair:1   | Noticed a cane toad
  7724 | Lair:1   | Killed a cane toad
  7770 | Lair:1   | Noticed Gastronok
  8030 | Lair:1   | Noticed a black mamba
  8048 | Lair:1   | Killed a black mamba
  8153 | Lair:1   | Noticed a black mamba
  8163 | Lair:1   | Killed a black mamba
  8347 | Lair:1   | Killed Gastronok
  8348 | Lair:1   | Reached XP level 11. HP: 70/97 MP: 10/10
  8447 | Lair:1   | Identified the +0 falchion "Qenuxtan" {flame, rPois Str+5}
  8604 | Lair:1   | Reached skill level 10 in Fighting
  8629 | Lair:1   | Reached skill level 1 in Evocations
  8999 | Lair:2   | Noticed a death yak
  9015 | Lair:2   | Noticed a death yak
  9046 | Lair:1   | Killed a death yak
  9195 | Lair:2   | Noticed a death yak
  9196 | Lair:2   | Noticed a death yak
  9199 | Lair:2   | Killed a death yak
  9214 | Lair:1   | Killed a death yak
  9296 | Lair:2   | Killed a death yak
  9297 | Lair:2   | Reached skill level 5 in Evocations
  9956 | Lair:2   | Reached ***** piety under Trog
  9989 | Lair:2   | Noticed a catoblepas
  9998 | Lair:2   | Killed a catoblepas
 10083 | Lair:2   | Found a staircase to the Snake Pit.
 10435 | Lair:2   | Reached XP level 12. HP: 84/106 MP: 11/11
 10750 | Lair:2   | Found a staircase to the Swamp.
 11195 | Lair:3   | Noticed a death yak
 11195 | Lair:3   | Noticed a death yak
 11195 | Lair:3   | Noticed a death yak
 11196 | Lair:3   | Noticed a death yak
 11311 | Lair:3   | Found a gate leading to a gauntlet.
 11320 | Gauntlet | Entered a Gauntlet
 11320 | Gauntlet | Found a transporter.
 11320 | Gauntlet | Found a transporter.
 11468 | Gauntlet | Found a transporter.
 11468 | Gauntlet | Found a transporter.
 11477 | Gauntlet | Noticed a death scarab
 11478 | Gauntlet | Found a transporter.
 11486 | Gauntlet | Noticed a hell beast
 11488 | Gauntlet | Found a transporter.
 11488 | Gauntlet | Found a transporter.
 11512 | Gauntlet | Found a transporter.
 11519 | Gauntlet | Found a transporter.
 11531 | Gauntlet | Found a transporter.
 11551 | Gauntlet | Found a transporter.
 11561 | Gauntlet | Found a transporter.
 11595 | Gauntlet | Found a transporter.
 11609 | Gauntlet | Found a transporter.
 11709 | Gauntlet | Found a transporter.
 11725 | Gauntlet | Found a transporter.
 11942 | Gauntlet | Paralysed by a floating eye for 3 turns
 12069 | Gauntlet | Reached skill level 15 in Fighting
 12093 | Gauntlet | Identified the amulet "Ydwam" {Acrobat rC- rN++ Str+4}
 12111 | Gauntlet | Identified the +1 great mace "Rierph" {freeze, *Slow rF+
                  | Int+4}
 12111 | Gauntlet | Identified the +10 shortbow "Kefaurghe" {drain, Will+
                  | Str+3}
 12111 | Gauntlet | Identified the +3 crystal plate armour of Disaster {rElec}
 12111 | Gauntlet | Noticed a minotaur
 12129 | Gauntlet | Killed a minotaur
 12370 | Gauntlet | Identified the ring "Hero's Friend" {rElec Int+6 Slay+2}
 12413 | Lair:3   | Killed a death yak
 12414 | Lair:3   | Killed a death yak
 12415 | Lair:3   | Reached XP level 13. HP: 127/127 MP: 12/12
 12417 | Lair:3   | Reached skill level 5 in Armour
 13626 | Lair:4   | Noticed Urug
 13643 | Lair:4   | Killed Urug
 13657 | Lair:4   | Reached skill level 10 in Armour
 14318 | Lair:5   | Entered Level 5 of the Lair of Beasts
 14321 | Lair:5   | Reached ****** piety under Trog
 14326 | Lair:5   | Identified the +2 executioner's axe of Deflation {heavy,
                  | rC+} (Trog gifted it to you on level 5 of the Lair of
                  | Beasts)
 14326 | Lair:5   | Received a gift from Trog
 14342 | Lair:5   | Found a runed translucent door.
 14343 | Lair:5   | Found a viscous altar of Jiyva.
 14824 | Lair:5   | Reached XP level 14. HP: 110/138 MP: 13/13
 15478 | Lair:5   | Reached skill level 1 in Stealth
 15862 | Lair:5   | Identified the +4 hand axe of the Sun {freeze, Contam
                  | Will++ rCorr SInv}
 15985 | Lair:5   | Received a gift from Trog
 16145 | Lair:5   | Reached skill level 5 in Stealth
 17095 | Lair:5   | Found the +7 lajatang of Order {silver, rMut}
 17110 | Lair:5   | Received a gift from Trog
 17479 | D:9      | Found a broken altar of Ashenzari.
 18362 | D:10     | Noticed Maggie
 18363 | D:10     | Noticed Maurice
 18374 | D:10     | Killed Maggie
 18379 | D:10     | Killed Maurice
 18451 | D:10     | Found Aniah's Distillery.
 18455 | D:10     | Noticed Joseph
 18464 | D:10     | Killed Joseph
 18469 | D:10     | Bought a potion of lignification for 39 gold pieces
 18469 | D:10     | Bought a potion of might for 52 gold pieces
 18469 | D:10     | Bought a potion of might for 52 gold pieces
 18469 | D:10     | Bought a potion of curing for 39 gold pieces
 18469 | D:10     | Bought a potion of curing for 39 gold pieces
 18552 | D:10     | Found a staircase to the Orcish Mines.
 18554 | D:10     | Noticed Erica
 18564 | D:10     | Killed Erica
 19093 | D:10     | Noticed Nergalle
 19104 | D:10     | Killed Nergalle
 19317 | Orc:1    | Entered Level 1 of the Orcish Mines
 19564 | Orc:1    | Found a radiant altar of Vehumet.
 19642 | Orc:2    | Entered Level 2 of the Orcish Mines
 19665 | Orc:2    | Received a gift from Trog
 19825 | Orc:2    | Noticed Sonja
 19849 | Orc:2    | Killed Sonja
 19850 | Orc:2    | Reached XP level 15. HP: 112/149 MP: 14/14
 19989 | Orc:2    | Noticed Azrael
 20003 | Orc:2    | Killed Azrael
 20251 | Orc:2    | Noticed Rupert
 20259 | Orc:2    | Killed Rupert
 20282 | Orc:2    | Found a staircase to the Elven Halls.
 20416 | Orc:2    | Found Qoekoi Pazawn's General Store.
 20442 | Orc:2    | Reached skill level 10 in Stealth
 20645 | Orc:2    | Found Ukhih's General Store.
 20846 | Orc:2    | Received a gift from Trog
 21304 | Orc:2    | Found Etumen's Antique Armour Emporium.
 21304 | Orc:2    | Found a one-way gate leading to the halls of Pandemonium.
 21304 | Orc:2    | Found Wimuot's Jewellery Shoppe.
 21352 | Orc:2    | Bought 2 scrolls of brand weapon for 266 gold pieces
 21605 | Orc:2    | Bought an amulet of reflection for 420 gold pieces
 21877 | Swamp:1  | Entered Level 1 of the Swamp
 21963 | Snake:1  | Entered Level 1 of the Snake Pit
 22323 | Snake:1  | Reached skill level 5 in Shields
 23241 | Lair:5   | Found a staircase to the Slime Pits.
 23363 | Snake:2  | Received a gift from Trog
 23718 | Snake:2  | Reached skill level 10 in Shields
 23740 | Snake:2  | Reached XP level 16. HP: 160/160 MP: 15/15
 23803 | Snake:2  | Identified the +0 helmet of Responsibility {Drain Fly
                  | Dex+2}
 24051 | Snake:2  | Identified the +0 ring mail of the Wary People {Regen+
                  | Dex+3}
 24230 | Snake:2  | Identified the ring "Pelus" {rN+ rCorr Int-2 Dex+2 SInv}
 24621 | Snake:3  | Found a frozen archway.
 24629 | IceCv    | Entered an ice cave
 24796 | IceCv    | Received a gift from Trog
 25390 | IceCv    | Noticed a golden dragon
 25419 | IceCv    | Killed a golden dragon
 25624 | IceCv    | Identified the ring "Reilypar" {rC+ Will+ Str+2}
 25781 | Snake:3  | Reached skill level 15 in Shields
 27033 | Swamp:1  | Received a gift from Trog
 27108 | Swamp:1  | Noticed Louise
 27125 | Swamp:1  | Killed Louise
 27412 | Swamp:1  | Found a runed translucent gate.
 27412 | Swamp:1  | Found a runed translucent gate.
 27412 | Swamp:1  | Found a runed translucent gate.
 27432 | Swamp:1  | Noticed Oxzixom's ghost (adept TrBe)
 27546 | Swamp:1  | Killed Oxzixom's ghost
 27558 | Swamp:1  | Reached XP level 17. HP: 118/166 MP: 16/16
 27996 | Swamp:2  | Noticed Frances
 28004 | Swamp:1  | Killed Frances
 29124 | Swamp:3  | Found a transporter.
 29126 | Swamp:3  | Noticed Uryrphacuxt's ghost (adept MiBe)
 29239 | Swamp:3  | Noticed Mlioglotl
 29254 | Swamp:3  | Killed Mlioglotl
 29255 | Swamp:3  | Reached skill level 1 in Maces & Flails
 29338 | Swamp:3  | Found a transporter.
 29489 | Swamp:4  | Entered Level 4 of the Swamp
 29856 | Swamp:4  | Identified the +2 leather armour "Udiyggea" {Regen+ Str+4
                  | Slay+3}
 29963 | Swamp:4  | Received a gift from Trog
 30433 | Swamp:4  | Noticed the 27-headed Lernaean hydra
 30614 | Snake:4  | Entered Level 4 of the Snake Pit
 31195 | Snake:4  | Reached XP level 18. HP: 166/176 MP: 17/17
 31199 | Snake:4  | Received a gift from Trog
 31290 | Snake:4  | Got a serpentine rune of Zot
 31788 | Swamp:3  | Killed Uryrphacuxt's ghost
 31793 | Swamp:3  | Identified the +1 tower shield of Lightning Storm {Str+6}
 32267 | Swamp:4  | Killed the 27-headed Lernaean hydra
 32273 | Swamp:4  | Got a decaying rune of Zot
 35317 | D:12     | Received a gift from Trog
 35500 | D:13     | Noticed Jorgrun
 35518 | D:13     | Killed Jorgrun
 35659 | D:13     | Identified the +10 war axe of Conversion {heavy, Fragile
                  | rPois rN+++ Str-3}
 36544 | D:14     | Found a gate to the Vaults.
 36764 | D:14     | Found a blossoming altar of Fedhas.
 37158 | D:15     | Entered Level 15 of the Dungeon
 37233 | D:15     | Found a shadowy altar of Dithmenos.
 37565 | D:15     | Identified the +7 morningstar of Vyth {freeze, Str+5}
 37702 | Vaults:1 | Entered Level 1 of the Vaults
 37726 | Vaults:1 | Reached XP level 19. HP: 154/185 MP: 18/18
 38327 | Vaults:1 | Received a gift from Trog
 38738 | Vaults:1 | Found Ycom's Antique Armour Shoppe.
 39423 | Vaults:2 | Received a gift from Trog
 39967 | Vaults:2 | Found a staircase to the Crypt.
 39967 | Vaults:2 | Found a basalt altar of Yredelemnul.
 39968 | Vaults:2 | Found an ancient bone altar of Kikubaaqudgha.
 40493 | Vaults:3 | Reached XP level 20. HP: 206/206 MP: 19/19
 40835 | Vaults:3 | Found a runed translucent door.
 40835 | Vaults:3 | Found a shimmering altar of Xom.
 40835 | Vaults:3 | Noticed Fotooss's ghost (adept MiDe)
 40960 | Vaults:3 | Received a gift from Trog
 41348 | Vaults:3 | You fall into a shaft and drop 1 floor!
 41399 | Vaults:4 | Paralysed by a formless jellyfish for 1 turns
 41561 | Vaults:4 | Identified the +3 morningstar of Xusuz {heavy, *Corrode
                  | Drain rF++ Will+}
 41829 | Vaults:3 | Killed Fotooss's ghost
 41834 | Vaults:3 | Identified the +1 shortbow "Detasasch" {speed, rF+ Str+2
                  | Int+3}
 42234 | Vaults:4 | Received a gift from Trog
 42248 | Vaults:4 | Identified the +2 flail "Muuridid" {flame, Str+2}
 42656 | Vaults:4 | Noticed Donald
 42663 | Vaults:4 | Killed Donald
 42928 | Vaults:5 | Entered Level 5 of the Vaults
 43017 | Vaults:5 | Identified the ring of Suspected Treachery {Ice Str+7}
 43307 | Vaults:5 | Identified the +1 morningstar of Dividends {heavy, Fly
                  | rPois Will++ Int-5} (Trog gifted it to you on level 5 of
                  | the Vaults)
 43307 | Vaults:5 | Received a gift from Trog
 43398 | Vaults:5 | Reached XP level 21. HP: 42/222 MP: 20/20
 43402 | Vaults:5 | Noticed an ancient lich
 43414 | Vaults:5 | HP: 10/222 [tentacled monstrosity (3)]
 43417 | Vaults:5 | HP: 2/333 [tengu reaver/+0 great sword (15)]
 43417 | Vaults:5 | Slain by an ettin

Illustrated notes

Levels and vault maps discovered:
D:1:      minmay_arrival_doors, layout_basic, minmay_misc_feat_more_columns,
          chequers_avenue, chequers_serial_rivers_room_b
D:2:      layout_loops_ring, hellmonk_ecumenical_altar_blasted,
          nicolae_eternal_life
D:3:      layout_basic, nicolae_overflow_quartered_altars,
          minmay_misc_feat_hallway, minivault_26
D:4:      layout_basic, lemuel_tele_altar, chequers_garden
D:5:      layout_gridville, serial_bayou_pond_e
D:6:      layout_basic, nrook_loot_triangle, minmay_between, uniq_eustachio,
          uniq_crazy_yiuf_cottage
D:7:      gammafunk_beogh_shrine, layout_basic, minmay_temple_entry_mist
D:8:      layout_rooms, david_lair_generic
D:9:      layout_layer_cave, nicolae_ashenzari_skybound,
          overflow_temple_1_default, chequers_serial_rivers_large_a,
          kennysheep_generic_room_5
D:10:     layout_rooms, david_orc_5, serial_shops, shop,
          kennysheep_cluttered_room, uniq_nergalle, uniq_joseph, uniq_maggie,
          uniq_maurice, uniq_erica
D:11:     layout_loops_ring
D:12:     kennysheep_ambush_hall, layout_basic
D:13:     layout_long_grid, uniq_jorgrun
D:14:     layout_irregular_city, hangedman_vaults_entry_quadrant_bands,
          fedhas_altar_1, blue_anna_alchemist
D:15:     hangedman_depths_entry_try_elsewhere_first, layout_gridville,
          special_room [special_room_orc], grunt_dithmenos_smoke_and_mirrors
Temple:   regret_index_temple_waves
Lair:1:   layout_gridlike, uniq_gastronok
Lair:2:   layout_cave_pods, nicolae_swamp_entry_splash_gauntlet,
          guppyfry_snake_entry_island, beast_lair_carwin_7
Lair:3:   layout_chaotic_city, gauntlet_entry_generic, nicolae_lair_lindhole
Lair:4:   layout_regular_city, infiniplex_staircase_pool_2, uniq_urug
Lair:5:   hangedman_lair_tendril_chambers, layout_layer_cave,
          hangedman_lair_caniforms_friends, slime_entry_2, minmay_lindwurm_lava,
          infiniplex_staircase_pool
Swamp:1:  layout_basic_swamp, gammafunk_ghost_necromancy,
          evilmike_swamp_ruin_house_4, uniq_louise
Swamp:2:  layout_falls_marsh, nicolae_swamp_rocky_clearing,
          nicolae_swamp_tree_designs, uniq_frances
Swamp:3:  layout_basic_swamp, gammafunk_ghost_mausoleum,
          evilmike_swamp_ruin_house_1, uniq_mlioglotl
Swamp:4:  grunt_swamp_rune_castle, layout_basic_swamp, swamp_pool1
Snake:1:  layout_misc_corridors, nicolae_snake_single_loop, st_stairs_4,
          drop_trap, lemuel_fruit_tree
Snake:2:  layout_rooms, nrook_guardian_serpent_double
Snake:3:  layout_grid_maze, portal_ice_cave_entry_pillars_three
Snake:4:  snake_pit_salamanders_mu, layout_misc_corridors
Orc:1:    layout_caves, basic_altar
Orc:2:    pf_orc_diabolical, layout_diamond_mine, uniq_sonja, uniq_rupert,
          uniq_azrael
Vaults:1: nicolae_vaults_ninety_degrees, hangedman_vaults_stream,
          hangedman_vaults_snaps, st_eye, nicolae_vaults_specimen_jars,
          nicolae_vaults_cornered_office, ontoclasm_vaults_misaligned,
          vaults_dpeg_diagonal, nicolae_vaults_double_plus_1,
          layout_vaults_ring, serial_shops, shop
Vaults:2: minmay_crypt_entry_necro_gods, nicolae_vaults_weapon_check,
          nicolae_vaults_what_the_h, nicolae_vaults_six-pack,
          nicolae_vaults_trapezoid_2, nicolae_vaults_trapezoid_lopsided_3,
          v_misc_18, nicolae_vaults_house_3, nicolae_vaults_shrinking_rooms_1,
          nicolae_vaults_off_center_swirl, nicolae_vaults_house_1, v_misc_1,
          layout_vaults_big_room
Vaults:3: ebering_ghost_xom, v_misc_8, nicolae_vaults_offset_grid_hallway_3,
          vaults_mumra_hexcomb, vaults_room_pools, hangedman_vaults_corner,
          ontoclasm_vaults_pinch, layout_vaults_omnigrid, uniq_margery
Vaults:4: nicolae_vaults_stand_back, vaults_dpeg_encased_lava,
          hangedman_vaults_slice, nicolae_vaults_inception_corners,
          vaults_room_door_ring, nicolae_vaults_offset_grid_hallway_4,
          ontoclasm_vaults_ligature, nicolae_vaults_closet_pinwheel_1,
          nicolae_vaults_closet_pinwheel_3, v_misc_2,
          nicolae_vaults_ring_of_whatevers, nicolae_vaults_house_2,
          hangedman_vaults_cutoff, nicolae_vaults_storage_room_water,
          nicolae_vaults_little_squares_3, layout_vaults_big_cross, uniq_donald
Vaults:5

Skill      XL: |  1  2  3  4  5  6  7  8  9 10 11 12 13 14 15 16 17 18 19 20 |
---------------+-------------------------------------------------------------+-----
Axes           | 4 5 6 7 9 12 16 18 19 | 19.9
Fighting       | 4 5 9 10 15 16 18 19 20 24 26 | 26.4
Armour         | 3 4 12 | 12.0
Dodging        | 3 4 5 |  5.0
Evocations     | 8 |  8.0
Stealth        | 9 10 | 10.7
Shields        | 10 17 21 26 | 26.0
Maces & Flails | 1 |  1.6

Action                     |  1- 3 |  4- 6 |  7- 9 | 10-12 | 13-15 | 16-18 | 19-21 || total
---------------------------+-------+-------+-------+-------+-------+-------+-------++-------
  Melee: Hand axe          |    69 |   148 |    38 |       |       |       |       ||   255
         Headbutt          |    10 |    21 |    44 |    91 |   291 |   192 |   136 ||   785
         Punch             |     1 |     1 |     3 |     9 |     9 |       |       ||    23
         War axe           |       |       |   132 |       |       |       |       ||   132
         Broad axe         |       |       |    40 |   399 |  1168 |   878 |   528 ||  3013
         Morningstar       |       |       |       |       |       |    48 |       ||    48
 Invoke: Berserk           |       |       |     1 |     3 |     1 |     3 |     2 ||    10
         Trog's Hand       |       |       |     1 |       |     6 |     5 |     7 ||    19
         Brothers in Arms  |       |       |       |       |     1 |     2 |       ||     3
  Evoke: Wand              |       |       |       |       |       |     1 |       ||     1
         Phantom mirror    |       |       |       |       |       |     2 |     1 ||     3
         Phial of floods   |       |       |       |       |       |       |     1 ||     1
    Use: Scroll            |       |       |     6 |     3 |     8 |    22 |    11 ||    50
         Potion            |       |       |       |       |     1 |       |    15 ||    16
   Stab: Sleeping          |     1 |     1 |       |       |       |       |       ||     2
         Distracted        |       |       |       |       |       |     1 |     1 ||     2
 Armour: Animal skin       |    30 |    33 |       |       |       |       |       ||    63
         Scale mail        |       |    44 |       |       |       |       |       ||    44
         Plate armour      |       |    26 |   214 |   329 |    47 |    36 |       ||   652
         Crystal plate arm |       |       |       |       |   946 |   697 |   364 ||  2007
         Ring mail         |       |       |       |       |       |    28 |       ||    28
  Dodge: Dodged            |    39 |    85 |    75 |   104 |   304 |   192 |    91 ||   890
  Block: Kite shield       |       |       |       |       |   273 |   285 |       ||   558
         Reflection        |       |       |       |       |    23 |   135 |    65 ||   223
         Tower shield      |       |       |       |       |       |  1005 |   854 ||  1859

Table legend: (Time is in decaauts)
 A = Elapsed time spent in this place.
 B = Non-inter-level travel time spent in this place.
 C = Inter-level travel time spent in this place.
 D = Time resting spent in this place.
 E = Time spent auto-exploring this place.
 F = Levels seen in this place.
 G = Mean time per level.
                   A        B        C        D        E       F      G
               +--------+--------+--------+--------+--------+-----+--------+
         Total |  43481 |  39562 |   3919 |   5800 |  25030 |  38 | 1144.2 |
       Dungeon |  13865 |  12639 |   1226 |    788 |   9942 |  15 |  924.3 |
        Temple |      1 |      1 |      0 |      0 |      0 |   1 |    1.0 |
          Lair |   9308 |   8310 |    998 |   1604 |   4870 |   5 | 1861.6 |
         Swamp |   4440 |   3905 |    535 |    888 |   2047 |   4 | 1110.0 |
     Snake Pit |   5258 |   4646 |    612 |    627 |   2741 |   4 | 1314.5 |
  Orcish Mines |   2646 |   2361 |    285 |    482 |   1158 |   2 | 1323.0 |
        Vaults |   5725 |   5465 |    260 |    364 |   3956 |   5 | 1145.0 |
      Ice Cave |   1154 |   1154 |      0 |    660 |     52 |   1 | 1154.0 |
      Gauntlet |   1080 |   1080 |      0 |    385 |    263 |   1 | 1080.0 |
               +--------+--------+--------+--------+--------+-----+--------+

Top non-repeatable levels by time:
  Lair:2: 2461 daAuts
  Lair:5: 2386 daAuts
   Orc:2: 2128 daAuts
  Lair:4: 1890 daAuts
Vaults:4: 1655 daAuts
 Snake:3: 1613 daAuts
  Lair:1: 1574 daAuts
 Snake:4: 1573 daAuts
     D:9: 1560 daAuts
 Swamp:1: 1405 daAuts
     D:7: 1395 daAuts
Vaults:1: 1336 daAuts
Vaults:3: 1307 daAuts
     D:8: 1247 daAuts
Vaults:2: 1239 daAuts
